 Dungeon Sprint DCSS version 0.27-a0-1232-gc6a4cbde82 (webtiles) character file.

Game seed: 5558555018008264638

1209 mhtbhm the Basher (level 8, 0/123 HPs)
             Began as a Red Draconian Berserker on June 8, 2021.
             Was an Elder of Trog.
             Slain by Sonja
             ... wielding a +2 short sword of distortion
              (22 damage)
             ... in the Dungeon (Sprint I: "Red Sonja").
             The game lasted 00:01:24 (958 turns).

mhtbhm the Basher (Red Draconian Berserker)          Turns: 958, Time: 00:01:24

Health: 0/123      AC:  6    Str: 21    XL:     8   Next: 22%
Magic:  8/8        EV: 15    Int:  7    God:    Trog [****..]
Gold:   405        SH:  0    Dex: 10    Spells: 7/7 levels left

rFire    + . .     SeeInvis .   a - +0 mace
rCold    . . .     Faith    .   (no shield)
rNeg     . . .     Spirit   .   (armour unavailable)
rPois    .         Reflect  .   (helmet restricted)
rElec    .         Harm     .   (no cloak)
rCorr    .         Rampage  .   (no gloves)
Will     .....     NoTele   +   (no boots)
Stlth    ..........             (no amulet)
HPRegen  0.30/turn              (no ring)
MPRegen  0.11/turn              (no ring)

@: berserking, short of breath, very quick
A: breathe fire, AC +6, unfitting armour, fire resistance 1, cold-blooded, dopey
1
a: Breathe Fire, Renounce Religion, Berserk, Trog's Hand, Brothers in Arms


You were in the Dungeon.
You worshipped Trog.
Trog was greatly pleased with you.
You visited 1 branch You collected 405 gold pieces.

Inventory:

Hand Weapons
 a - a +0 mace (weapon)
Scrolls
 g - a scroll of blinking
 h - a scroll of immolation {unknown}
Potions
 b - a potion of curing
 c - a potion of heal wounds
 d - a potion of haste
 e - 2 potions of magic
 f - a potion of berserk rage


   Skills:
 + Level 11.2 Fighting
 + Level 11.8 Maces & Flails
 + Level 9.4 Dodging
 + Level 2.1 Stealth


You had 7 spell levels left.
You didn't know any spells.
Your spell library was empty.

Dungeon Overview and Level Annotations

Branches:
Dungeon (1/1)

Altars:
Cheibriados
Dithmenos
Elyvilon
Fedhas
Gozag
Hepliaklqana
Kikubaaqudgha
Makhleb
Nemelex Xobeh
Okawaru
Qazlal
Ru
Sif Muna
Trog
Uskayaw
Vehumet
Wu Jian
Xom
Yredelemnul
Zin
The Shining One
Jiyva
Lugonu

Shops:
D =

Annotations:
D Sonja


Innate Abilities, Weirdness & Mutations

You can breathe blasts of fire.
Your fiery red scales are hard. (AC +6)
You cannot fit into any form of body armour.
Your flesh is heat resistant. (rF+)
You are cold-blooded and may be slowed by cold attacks.
You are dopey. (Int -2)


Message History

Sonja hits you with a +2 short sword of distortion.
Space warps horribly around you!
You completely miss Sonja.
Your tail-slap misses Sonja.
You completely miss Sonja. Sonja closely misses you.
Sonja hits you but does no damage. Sonja closely misses you.
You miss Sonja.
Sonja hits you with a +2 short sword of distortion!
Space warps horribly around you!
Sonja hits you with a +2 short sword of distortion!
Space bends around you. Sonja closely misses you.
You are too injured to fight recklessly!
You are too injured to fight recklessly!
You are too injured to fight recklessly!
You are too injured to fight recklessly!
You are too injured to fight recklessly!
You are too injured to fight recklessly!
You are too injured to fight recklessly!
You are too injured to fight recklessly!
You are too injured to fight recklessly!
You are too injured to fight recklessly!
You are too injured to fight recklessly!
You miss Sonja. You barely miss Sonja. Sonja hits you but does no damage.
Space warps horribly around you.
* * * LOW HITPOINT WARNING * * *
Sonja misses you. x2
You completely miss Sonja.
Your tail-slap misses Sonja.
Sonja closely misses you.
Sonja hits you with a +2 short sword of distortion.
* * * LOW HITPOINT WARNING * * *
Sonja completely misses you.
You completely miss Sonja.
Sonja hits you with a +2 short sword of distortion.
* * * LOW HITPOINT WARNING * * *
Space bends around you.
* * * LOW HITPOINT WARNING * * *
Sonja hits you with a +2 short sword of distortion.
* * * LOW HITPOINT WARNING * * *
Space warps horribly around you!!
You die...

#<.#..)..#..'..#__#..')..#
#..').#..').#..'..'..#)..#
#..#####'#####'#__####...+
#..####..#...#(#### #####
#..#__####..##.#
#..#_____##'#_.+
#⌠⌠#_.∩...÷..._#
####_..__##K.#'#
#_____###@#(# #######
#.### $.$ #$.$# ##.## #+#


You could see Sonja.

Vanquished Creatures
  2 kobold demonologists (D)
  A slime creature (D)
  A yak (D)
  Sigmund (D)
  A floating eye (D)
  An ogre (D)
  A jelly (D)
  Ijyb (D)
9 creatures vanquished.

Notes
Turn   | Place    | Note
-------+----------+-------------------------------------------
     0 | D        | mhtbhm the Draconian Berserker began the quest for the Orb.
     0 | D        | Reached XP level 1. HP: 19/19 MP: 1/1
     2 | D        | Noticed Ijyb
     9 | D        | Killed Ijyb
    10 | D        | Reached XP level 2. HP: 28/28 MP: 2/2
    50 | D        | Noticed an ogre
    58 | D        | Killed an ogre
    59 | D        | Reached skill level 5 in Dodging
    59 | D        | Reached XP level 3. HP: 10/38 MP: 3/3
    59 | D        | Reached XP level 4. HP: 11/45 MP: 4/4
   307 | D        | Noticed Sigmund
   311 | D        | Killed Sigmund
   311 | D        | Reached ** piety under Trog
   312 | D        | Reached XP level 5. HP: 53/53 MP: 5/5
   391 | D        | Found an ornate altar of the Wu Jian Council.
   391 | D        | Found a shimmering blue altar of Sif Muna.
   393 | D        | Found a radiant altar of Vehumet.
   400 | D        | Reached XP level 6. HP: 36/62 MP: 6/6
   593 | D        | Found Tuamn's Jewellery Emporium.
   593 | D        | Found an ancient bone altar of Kikubaaqudgha.
   593 | D        | Found a hazy altar of Hepliaklqana.
   593 | D        | Found a stormy altar of Qazlal.
   593 | D        | Found a hide-covered altar of Uskayaw.
   593 | D        | Found a blossoming altar of Fedhas.
   593 | D        | Found a bloodstained altar of Trog.
   593 | D        | Found an iron altar of Okawaru.
   593 | D        | Found a basalt altar of Yredelemnul.
   593 | D        | Found a glowing golden altar of the Shining One.
   593 | D        | Found a snail-covered altar of Cheibriados.
   593 | D        | Found a sacrificial altar of Ru.
   593 | D        | Found a glowing silver altar of Zin.
   593 | D        | Found a shadowy altar of Dithmenos.
   593 | D        | Found a white marble altar of Elyvilon.
   593 | D        | Noticed a yak
   598 | D        | Killed a yak
   599 | D        | Found an opulent altar of Gozag.
   600 | D        | Found a sparkling altar of Nemelex Xobeh.
   656 | D        | Found a burning altar of Makhleb.
   656 | D        | Found a viscous altar of Jiyva.
   656 | D        | Found a shimmering altar of Xom.
   656 | D        | Found a corrupted altar of Lugonu.
   656 | D        | Noticed a slime creature
   664 | D        | Killed a slime creature
   664 | D        | Reached *** piety under Trog
   665 | D        | Reached skill level 10 in Maces & Flails
   665 | D        | Reached skill level 1 in Stealth
   665 | D        | Your scales start taking on a fiery red colour.
   665 | D        | Reached XP level 7. HP: 71/71 MP: 7/7
   665 | D        | Gained mutation: Your flesh is heat resistant. (rF+) [Red
                  | Draconian growth]
   763 | D        | Noticed a kobold demonologist
   766 | D        | Noticed a kobold demonologist
   769 | D        | Reached skill level 10 in Fighting
   770 | D        | Noticed a neqoxec
   776 | D        | Noticed a hellwing
   777 | D        | Killed a kobold demonologist
   779 | D        | Noticed a chaos spawn
   780 | D        | Gained mutation: You are dopey. (Int -2) [a neqoxec]
   790 | D        | Noticed a smoke demon
   790 | D        | Killed a kobold demonologist
   790 | D        | Reached **** piety under Trog
   791 | D        | Reached XP level 8. HP: 72/82 MP: 8/8
   943 | D        | Noticed Sonja
   958 | D        | Slain by Sonja

Illustrated notes

Levels and vault maps discovered:
D:        dungeon_sprint_1 [red_sonja_temple_1, red_sonja_temple_small_1]

Skill      XL: |  1  2  3  4  5  6  7 |
---------------+----------------------+-----
Fighting       | 4 6 8 9 11 | 11.2
Maces & Flails | 4 6 8 10 11 | 11.8
Dodging        | 4 5 6 8 9 |  9.4
Stealth        | 1 2 |  2.1

Action                   |  1- 3 |  4- 6 |  7- 9 || total
-------------------------+-------+-------+-------++-------
Melee: Mace              |    12 |    17 |    33 ||    62
       Tailslap          |     1 |     4 |     1 ||     6
Invok: Berserk           |     2 |     3 |     2 ||     7
 Abil: Breathe Fire      |       |       |     1 ||     1
Armor: Skin              |       |     2 |    11 ||    13
Dodge: Dodged            |     5 |     6 |    26 ||    37

Table legend: (Time is in decaauts)
 A = Elapsed time spent in this place.
 B = Non-inter-level travel time spent in this place.
 C = Inter-level travel time spent in this place.
 D = Time resting spent in this place.
 E = Time spent auto-exploring this place.
 F = Levels seen in this place.
 G = Mean time per level.
                   A        B        C        D        E       F      G
               +--------+--------+--------+--------+--------+-----+--------+
         Total |    998 |    998 |      0 |    822 |      0 |   1 |  998.0 |
       Dungeon |    998 |    998 |      0 |    822 |      0 |   1 |  998.0 |
               +--------+--------+--------+--------+--------+-----+--------+

Top non-repeatable levels by time:
       D: 998 daAuts
